 Dungeon Crawl Stone Soup version 0.19.5 (webtiles) character file.

11 tidbits the Charmwright (level 2, 0/17 HPs)
             Began as a High Elf Wanderer on Aug 8, 2017.
             Slain by a kobold
             ... wielding a +0 club
              (6 damage)
             ... on level 1 of the Dungeon.
             The game lasted 00:02:31 (285 turns).

tidbits the Charmwright (High Elf Wanderer)          Turns: 285, Time: 00:02:31

Health: 0/17       AC:  2    Str:  9    XL:     2   Next: 13%
Magic:  2/7        EV: 18    Int: 18    God:
Gold:   2          SH:  0    Dex: 18    Spells: 2 memorised, 5 levels left

rFire  . . .     SeeInvis .     a - +0 dagger
rCold  . . .     Gourm    .     B - +0 robe
rNeg   . . .     Faith    .     (no shield)
rPois  .         Spirit   .     (no helmet)
rElec  .         Reflect  .     (no cloak)
rCorr  .         Harm     .     (no gloves)
MR     .....                    (no boots)
Stlth  +++.......               (no amulet)
                                (no ring)
                                (no ring)

@: agile, infused
A: no striking features
a: no special abilities


You were on level 1 of the Dungeon.
You were not hungry.

You visited 1 branch of the dungeon, and saw 1 of its levels.

You collected 2 gold pieces.

Inventory:

Hand Weapons
 a - a +0 dagger (weapon)
Armour
 h - a +0 scale mail
   (You found it on level 1 of the Dungeon)
 B - a +0 robe (worn)
Scrolls
 d - a scroll of enchant armour {unknown}
 i - a scroll of amnesia {unknown}
Potions
 c - a potion of lignification
Books
 b - Ufakic's Grimoire of Venom

   Spells                             Type                      Level
   a - Sting                          Conjuration/Poison           1
   b - Mephitic Cloud                 Conjuration/Poison/Air       3
 e - a book of Battle

   Spells                             Type                      Level
   a - Infusion                       Charms                       1
   b - Shroud of Golubria             Charms/Translocation         2
   c - Song of Slaying                Charms                       2
   d - Spectral Weapon                Hexes/Charms                 3
   e - Regeneration                   Charms/Necromancy            3
Comestibles
 f - a bread ration


   Skills:
 + Level 0.2 Fighting
 - Level 1.0 Throwing
 - Level 1.9 Dodging
 - Level 1.1 Stealth
 - Level 3.6 Spellcasting
   Level 1.1 Conjurations
 - Level 3.6 Charms
   Level 1.0 Necromancy


You had 5 spell levels left.
You knew the following spells:

 Your Spells              Type           Power        Failure   Level  Hunger
g - Shroud of Golubria    Chrm/Tloc      #.........   12%         2    ##.....
i - Infusion              Chrm           ###.         3%          1    None


Dungeon Overview and Level Annotations

Branches:
Dungeon (1/15)

Altars:


Message History

Found a scale mail.
Unknown command.
Okay, then.
Unknown command.
Your magical infusion is running out.
A kobold comes into view.
You see here a scroll labeled FUEGUE HUNKO.
You see here a scale mail.
h - a scale mail You see here a scroll labeled FUEGUE HUNKO.
i - a scroll labeled FUEGUE HUNKO You are no longer magically infusing your attacks.
Casting: Infusion
Confirm with . or Enter, or press ? or * to list all spells.
You begin infusing your attacks with magical energy.
The kobold shouts!
A goblin comes into view. It is wielding a club.
The kobold closely misses you.
You hit the kobold.
You kill the kobold!
A leopard gecko and a rat come into view.
The leopard gecko hisses angrily.
Unknown command.
Unknown command.
Your magical infusion is running out.
The leopard gecko misses you.
You see here a jackal corpse.
You barely miss the leopard gecko.
You are no longer magically infusing your attacks.
The leopard gecko bites you.
Casting: Infusion
Confirm with . or Enter, or press ? or * to list all spells.
You begin infusing your attacks with magical energy.
The leopard gecko bites you but does no damage.
You miss the leopard gecko. The leopard gecko bites you. x2
* * * LOW HITPOINT WARNING * * *
Unknown command.
You hit the leopard gecko.
The leopard gecko is heavily wounded.
The leopard gecko barely misses you.
It was a potion of agility.
You feel agile all of a sudden. The leopard gecko closely misses you.
You barely miss the leopard gecko.
The leopard gecko is heavily wounded.
The leopard gecko barely misses you.
You hit the leopard gecko!
You kill the leopard gecko!
You have reached level 2!
You hit the goblin.
The goblin is severely wounded.
The goblin hits you but does no damage.
You hit the goblin.
You kill the goblin!
Things that are here:
a club; a goblin corpse; a leopard gecko corpse Unknown command.
Unknown command.
Memorise Shroud of Golubria, consuming 2 spell levels and leaving 5?
You start memorising the spell.
You continue memorising. x2
You finish memorising.
Spell assigned to 'g'.
Okay, then.
Unknown command.
Unknown command.
You see here a jackal corpse.
Your magical infusion is running out.
There is an open door here.
There is an open door here.
You are no longer magically infusing your attacks.
There is an open door here.
Found 11 arrows.
A kobold comes into view. It is wielding a club.
A kobold comes into view. It is wielding a dagger.
The kobold shouts!
The kobold throws a stone.
The stone closely misses you.
The kobold shouts!
The kobold throws a stone.
The stone hits you.
* * * LOW HITPOINT WARNING * * *
Found a stone staircase leading down.
Casting: Infusion
Confirm with . or Enter, or press ? or * to list all spells.
You begin infusing your attacks with magical energy.
You closely miss the kobold. The kobold closely misses you.
You hit the kobold.
The kobold is heavily wounded.
The kobold completely misses you.
You barely miss the kobold.
The kobold is heavily wounded.
The kobold misses you.
You miss the kobold.
The kobold is heavily wounded.
The kobold hits you but does no damage.
You hit the kobold.
You kill the kobold!
The kobold throws a stone.
The stone hits you but does no damage. The kobold misses you.
Things that are here:
a dagger; a kobold corpse You closely miss the kobold.
The kobold hits you with a club.
You die...

#.... #....# #....#
#..(.## #..... ....
#.#########
+K@(......>
#.#################
#(#................
#.#.#####..####'...
#.#.# ##..# ##...
#.#.# #'..#####...
#.#.#####.....>....
#.#................
#.#.#####.'####....


You could see a kobold.

Vanquished Creatures
  A leopard gecko (D:1)
  A goblin (D:1)
  3 jackals (D:1)
  2 kobolds (D:1)
  A frilled lizard (D:1)
8 creatures vanquished.

Notes
Turn   | Place    | Note
-------+----------+-------------------------------------------
     0 | D:1      | tidbits the High Elf Wanderer began the quest for the Orb.
     0 | D:1      | tidbits set off with: a book of Battle, Ufakic's Grimoire of Venom, a potion of lignification, a +0 robe, a +0 dagger, a bread ration
     0 | D:1      | Reached XP level 1. HP: 11/11 MP: 6/6
     0 | D:1      | Identified Ufakic's Grimoire of Venom
     2 | D:1      | Learned a level 1 spell: Infusion
   184 | D:1      | Reached skill level 1 in Dodging
   237 | D:1      | Reached XP level 2. HP: 6/17 MP: 1/7
   244 | D:1      | Learned a level 2 spell: Shroud of Golubria
   285 | D:1      | Slain by a kobold

Skill      XL: |  1 |
---------------+----+-----
Dodging        | 1 |  1.9
Fighting       | |  0.2
Throwing       | |  1.0
Stealth        | |  1.1
Spellcasting   | |  3.6
Conjurations   | |  1.1
Charms         | |  3.6
Necromancy     | |  1.0

Action                   || total
-------------------------++-------
Melee: Dagger            ||    24
 Cast: Infusion          ||     7
  Use: Potion            ||     1
Armor: Robe              ||     5
Dodge: Dodged            ||    16

Table legend:
 A = Turns spent in this place as a percentage of turns spent in the entire game.
 B = Non-inter-level travel turns spent in this place as a percentage of non-inter-level travel turns spent in the entire game.
 C = Inter-level travel turns spent in this place as a percentage of turns spent in this place.
 D = Turns resting spent in this place as a percentage of non-inter-level travel turns spent in this place.
 E = Turns spent auto-exploring this place as a percentage of non-inter-level travel turns spent in this place.
 F = Non-inter-level travel turns spent in this place divided by the number of levels of this place that you've seen.
                   A       B       C       D       E      F
               +-------+-------+-------+-------+-------+----------------------
         Total | 100.0 | 100.0 |   0.0 |   0.0 |   0.0 | 273.0
       Dungeon | 100.0 | 100.0 |   0.0 |   0.0 |   0.0 | 273.0
               +-------+-------+-------+-------+-------+----------------------

Table legend:
 A = Kills in this place as a percentage of kills in entire the game.
 B = Kills by you in this place as a percentage of kills by you in the entire game.
 C = Kills by friends in this place as a percentage of kills by friends in the entire game.
 D = Other kills in this place as a percentage of other kills in the entire game.
 E = Experience gained in this place as a percentage of experience gained in the entire game.
 F = Experience gained in this place divided by the number of levels of this place that you have seen.
                   A       B       C       D       E      F
               +-------+-------+-------+-------+-------+----------------------
         Total | 100.0 | 100.0 |  -nan |  -nan | 100.0 |  16.0
       Dungeon | 100.0 | 100.0 |  -nan |  -nan | 100.0 |  16.0
               +-------+-------+-------+-------+-------+----------------------

Vault maps used:
D:1:      shiori_angband_town
